| TOP OF THE 1ST |
|
Idaho Falls Chukars batting - Pitching for Portland Stag : RHP Dilson Torres
|
|
Pitching: RHP Dilson Torres
|
|
|
Batting: LHB Wayne Kirby
|
0-0: Called Strike 0-1: Foul Ball, location: 2F 0-2: Ball 1-2: Ball 2-2: SINGLE (Groundball, 4M, EV 108.1 MPH) (infield hit)
|
|
Batting: LHB Dwight Smith
|
0-0: Foul Ball, location: 2F 0-1: Ball 1-1: Ball 2-1: Foul Ball, location: 2F 2-2: Foul Ball, location: 2F 2-2: Foul Ball, location: 2F 2-2: Ball 3-2: Strikes out looking
|
|
Batting: LHB Tyler Houston
|
0-0: Fly out, F7 (Flyball, 7S, EV 81.9 MPH)
|
|
Batting: LHB Rico Brogna
|
0-0: Swinging Strike 0-1: Ball 1-1: Called Strike 1-2: Foul Ball, location: 2F 1-2: Foul Ball, location: 2F 1-2: Strikes out swinging
|
| Top of the 1st over - 0 runs, 1 hit, 0 errors, 1 left on base; Idaho Falls 0 - Portland 0 |
| BOTTOM OF THE 1ST |
|
Portland Stag batting - Pitching for Idaho Falls Chukars : RHP Jim Pittsley
|
|
Pitching: RHP Jim Pittsley
|
|
|
Batting: RHB Fernando Tatis
|
0-0: Ball 1-0: Foul Ball, location: 2F 1-1: SINGLE (Line Drive, 6M, EV 105.6 MPH)
|
|
Batting: RHB Wes Chamberlain
|
0-0: Foul Ball, location: 2F 0-1: Fly out, F9 (Line Drive, 9D, EV 101.9 MPH)
|
|
Batting: RHB Jeff Kunkel
|
0-0: Ball 1-0: Ball Fernando Tatis steals 2nd base 2-0: Foul Ball, location: 2F 2-1: Ball 3-1: SINGLE (Groundball, 6D, EV 106.9 MPH) Fernando Tatis to third Throwing error, E7 Fernando Tatis scores Jeff Kunkel to second
|
|
Batting: LHB Mark P Johnson
|
0-0: Called Strike 0-1: Ball 1-1: Foul Ball, location: 2F 1-2: Ball 2-2: Foul Ball, location: 2F 2-2: SINGLE (Groundball, 34D, EV 97.5 MPH) Jeff Kunkel to third Runner from 3rd tries for Home, SAFE, no throw by RF
|
|
Batting: RHB Mike Macfarlane
|
0-0: Ball 1-0: Foul Ball, location: 2F 1-1: Foul Ball, location: 2F 1-2: Foul Ball, location: 2F 1-2: Ball 2-2: Ball 3-2: Ground out U3 (Groundball, 34, EV 96.3 MPH) Mark P Johnson to second
|
|
Batting: RHB Mike Mordecai
|
0-0: Called Strike 0-1: Foul Ball, location: 2F 0-2: Ground out U3 (Groundball, 34, EV 102.5 MPH)
|
| Bottom of the 1st over - 2 runs, 3 hits, 1 error, 1 left on base; Idaho Falls 0 - Portland 2 |
| TOP OF THE 2ND |
|
Idaho Falls Chukars batting - Pitching for Portland Stag : RHP Dilson Torres
|
|
Batting: RHB Mark Lewis
|
0-0: Ball 1-0: Ball 2-0: Foul Ball, location: 2F 2-1: DOUBLE (Line Drive, 78XD, EV 113.1 MPH)
|
|
Batting: SHB Marcus Jensen
|
0-0: Ball 1-0: Fly out, F8 (Flyball, 8RS, EV 92.5 MPH)
|
|
Batting: LHB Darren Daulton
|
0-0: Ball 1-0: Fly out, F8 (Flyball, 8LXD, EV 107.5 MPH)
|
|
Batting: RHB Les Norman
|
0-0: Ball 1-0: Called Strike 1-1: Ball 2-1: Swinging Strike 2-2: Ground out 6-3 (Groundball, 6, EV 91.9 MPH)
|
| Top of the 2nd over - 0 runs, 1 hit, 0 errors, 1 left on base; Idaho Falls 0 - Portland 2 |
| BOTTOM OF THE 2ND |
|
Portland Stag batting - Pitching for Idaho Falls Chukars : RHP Jim Pittsley
|
|
Batting: RHB Chris Widger
|
0-0: SINGLE (Line Drive, 6D, EV 95.0 MPH)
|
|
Batting: RHB Alex S Gonzalez
|
0-0: Ball 1-0: Foul Ball, location: 2F 1-1: DOUBLE (Line Drive, 89D, EV 108.1 MPH) Chris Widger to third
|
|
Batting: LHB Yoshinobu Takahashi
|
0-0: Called Strike 0-1: Foul Ball, location: 2F 0-2: Strikes out swinging
|
|
Batting: RHB Fernando Tatis
|
0-0: Ball 1-0: Called Strike 1-1: Foul Ball, location: 2F 1-2: Strikes out swinging
|
|
Batting: RHB Wes Chamberlain
|
0-0: Called Strike 0-1: Ground out 4-3 (Groundball, 4, EV 86.3 MPH)
|
| Bottom of the 2nd over - 0 runs, 2 hits, 0 errors, 2 left on base; Idaho Falls 0 - Portland 2 |
| TOP OF THE 3RD |
|
Idaho Falls Chukars batting - Pitching for Portland Stag : RHP Dilson Torres
|
|
Batting: RHB Takahiro Suzuki
|
0-0: Ball 1-0: Reached on error, E5 (Groundball, 5L, EV 88.1 MPH)
|
|
Batting: LHB Wayne Kirby
|
0-0: Called Strike 0-1: Foul Ball, location: 2F 0-2: Fielders Choice at 2nd, 5-4 (Groundball, 56, EV 104.4 MPH)
|
|
Batting: LHB Dwight Smith
|
0-0: Ball Wayne Kirby steals 2nd base 1-0: Called Strike 1-1: Ball 2-1: Ground out 5-3 (Groundball, 56, EV 98.1 MPH)
|
|
Batting: LHB Tyler Houston
|
0-0: Ball 1-0: Swinging Strike 1-1: Ball 2-1: Fly out, F9 (Flyball, 9S, EV 86.3 MPH)
|
| Top of the 3rd over - 0 runs, 0 hits, 1 error, 1 left on base; Idaho Falls 0 - Portland 2 |
| BOTTOM OF THE 3RD |
|
Portland Stag batting - Pitching for Idaho Falls Chukars : RHP Jim Pittsley
|
|
Batting: RHB Jeff Kunkel
|
0-0: Swinging Strike 0-1: Swinging Strike 0-2: Ball 1-2: Ball 2-2: Strikes out swinging
|
|
Batting: LHB Mark P Johnson
|
0-0: Ball 1-0: Ball 2-0: Called Strike 2-1: Foul Ball, location: 2F 2-2: Foul Ball, location: 2F 2-2: Ball 3-2: Foul Ball, location: 2F 3-2: Ground out 3-1 (Groundball, 34, EV 100.6 MPH)
|
|
Batting: RHB Mike Macfarlane
|
0-0: Called Strike 0-1: Ball 1-1: Ball 2-1: Foul Ball, location: 2F 2-2: Strikes out swinging
|
| Bottom of the 3rd over - 0 runs, 0 hits, 0 errors, 0 left on base; Idaho Falls 0 - Portland 2 |
| TOP OF THE 4TH |
|
Idaho Falls Chukars batting - Pitching for Portland Stag : RHP Dilson Torres
|
|
Batting: LHB Rico Brogna
|
0-0: Ball 1-0: SINGLE (Flyball, 78S, EV 93.1 MPH)
|
|
Batting: RHB Mark Lewis
|
0-0: SINGLE (Line Drive, 89S, EV 96.9 MPH) Rico Brogna to second
|
|
Batting: SHB Marcus Jensen
|
0-0: Ball 1-0: Ground out 6-3 (Groundball, 6S, EV 66.3 MPH) Rico Brogna to third Mark Lewis to second
|
|
Batting: LHB Darren Daulton
|
0-0: Swinging Strike 0-1: Ball 1-1: Swinging Strike 1-2: Ball 2-2: Foul Ball, location: 2F 2-2: Ball 3-2: Foul Ball, location: 2F 3-2: Foul Ball, location: 2F 3-2: Strikes out swinging
|
|
Batting: RHB Les Norman
|
0-0: Ball 1-0: Ball 2-0: Foul Ball, location: 2F 2-1: Ball 3-1: Base on Balls
|
|
Batting: RHB Takahiro Suzuki
|
0-0: Called Strike 0-1: SINGLE (Groundball, 6D, EV 100.0 MPH) Rico Brogna scores Mark Lewis to third Les Norman to second Runner from 3rd tries for Home, SAFE, no throw by LF
|
|
Pitching: RHP Gary Haught
|
|
|
Batting: LHB Wayne Kirby
|
0-0: Ball 1-0: Ball 2-0: Ball 3-0: Base on Balls Les Norman to third Takahiro Suzuki to second
|
|
Batting: LHB Dwight Smith
|
0-0: Foul Ball, location: 2F 0-1: Ball 1-1: Foul Ball, location: 2F 1-2: Foul Ball, location: 2F 1-2: Foul Ball, location: 2F 1-2: Ball 2-2: SINGLE (Groundball, 4D, EV 99.4 MPH) Les Norman scores Takahiro Suzuki to third Wayne Kirby to second Runner from 3rd tries for Home, SAFE, throw by CF to home
|
|
Batting: LHB Tyler Houston
|
0-0: Foul Ball, location: 2F 0-1: Ball 1-1: Swinging Strike 1-2: Ball 2-2: Strikes out looking
|
| Top of the 4th over - 4 runs, 4 hits, 0 errors, 2 left on base; Idaho Falls 4 - Portland 2 |
| BOTTOM OF THE 4TH |
|
Portland Stag batting - Pitching for Idaho Falls Chukars : RHP Jim Pittsley
|
|
Batting: RHB Mike Mordecai
|
0-0: Called Strike 0-1: Swinging Strike 0-2: Ball 1-2: Ground out 1-3 (Groundball, 13S, EV 66.9 MPH)
|
|
Batting: RHB Chris Widger
|
0-0: SINGLE (Line Drive, 7S, EV 89.4 MPH)
|
|
Batting: RHB Alex S Gonzalez
|
0-0: Called Strike 0-1: TRIPLE (Flyball, 9LD, EV 113.1 MPH) Chris Widger scores
|
|
Batting: LHB Yoshinobu Takahashi
|
0-0: Ball 1-0: Ball 2-0: Called Strike 2-1: Foul Ball, location: 2F 2-2: Strikes out swinging
|
|
Batting: RHB Fernando Tatis
|
0-0: Called Strike 0-1: SINGLE (Groundball, 56D, EV 98.8 MPH) Alex S Gonzalez scores
|
|
Batting: RHB Wes Chamberlain
|
0-0: Ball 1-0: Foul Ball, location: 2F 1-1: Ground out 4-3 (Groundball, 4, EV 90.6 MPH)
|
| Bottom of the 4th over - 2 runs, 3 hits, 0 errors, 1 left on base; Idaho Falls 4 - Portland 4 |
| TOP OF THE 5TH |
|
Idaho Falls Chukars batting - Pitching for Portland Stag : RHP Gary Haught
|
|
Batting: LHB Rico Brogna
|
0-0: Called Strike 0-1: Foul Ball, location: 2F 0-2: Fly out, F6 (Popup, P, EV 82.5 MPH)
|
|
Batting: RHB Mark Lewis
|
0-0: Called Strike 0-1: Ball 1-1: Ground out 5-3 (Groundball, 56, EV 91.3 MPH)
|
|
Batting: SHB Marcus Jensen
|
0-0: Fly out, F7 (Flyball, 7S, EV 88.8 MPH)
|
| Top of the 5th over - 0 runs, 0 hits, 0 errors, 0 left on base; Idaho Falls 4 - Portland 4 |
| BOTTOM OF THE 5TH |
|
Portland Stag batting - Pitching for Idaho Falls Chukars : RHP Jim Pittsley
|
|
Batting: RHB Jeff Kunkel
|
0-0: Fly out, F7 (Flyball, 7, EV 79.4 MPH)
|
|
Batting: LHB Mark P Johnson
|
0-0: Called Strike 0-1: Foul Ball, location: 2F 0-2: Ball 1-2: Ball 2-2: Fly out, F7 (Flyball, 7S, EV 88.1 MPH)
|
|
Batting: RHB Mike Macfarlane
|
0-0: Ball 1-0: Foul Ball, location: 2F 1-1: Called Strike 1-2: Ball 2-2: Fly out, F8 (Flyball, 8LD, EV 90.0 MPH)
|
| Bottom of the 5th over - 0 runs, 0 hits, 0 errors, 0 left on base; Idaho Falls 4 - Portland 4 |
| TOP OF THE 6TH |
|
Idaho Falls Chukars batting - Pitching for Portland Stag : RHP Gary Haught
|
|
Batting: LHB Darren Daulton
|
0-0: Called Strike 0-1: Ball 1-1: Swinging Strike 1-2: Foul Ball, location: 2F 1-2: Strikes out looking
|
|
Batting: RHB Les Norman
|
0-0: Ball 1-0: Ball 2-0: Called Strike 2-1: Swinging Strike 2-2: Ball 3-2: Strikes out swinging
|
|
Pitching: LHP Billy Brewer
|
|
|
Batting: RHB Takahiro Suzuki
|
0-0: Swinging Strike 0-1: Fly out, F9 (Flyball, 9LSF, EV 89.4 MPH)
|
| Top of the 6th over - 0 runs, 0 hits, 0 errors, 0 left on base; Idaho Falls 4 - Portland 4 |
| BOTTOM OF THE 6TH |
|
Portland Stag batting - Pitching for Idaho Falls Chukars : RHP Jim Pittsley
|
|
Batting: RHB Mike Mordecai
|
0-0: Called Strike 0-1: Ground out 6-3 (Groundball, 6, EV 81.9 MPH)
|
|
Batting: RHB Chris Widger
|
0-0: Ball 1-0: Swinging Strike 1-1: SINGLE (Groundball, 56D, EV 106.3 MPH)
|
|
Batting: RHB Alex S Gonzalez
|
0-0: Fielders Choice at 2nd, 6-4 (Groundball, 6, EV 88.8 MPH)
|
|
Batting: LHB Yoshinobu Takahashi
|
0-0: Ground out 2-3 (Groundball, 13S, EV 67.5 MPH)
|
| Bottom of the 6th over - 0 runs, 1 hit, 0 errors, 1 left on base; Idaho Falls 4 - Portland 4 |
| TOP OF THE 7TH |
|
Idaho Falls Chukars batting - Pitching for Portland Stag : LHP Billy Brewer
|
|
Batting: LHB Wayne Kirby
|
0-0: Called Strike 0-1: Ball 1-1: Ball 2-1: Called Strike 2-2: Ball 3-2: Strikes out swinging
|
|
Batting: LHB Dwight Smith
|
0-0: Ground out U3 (Groundball, 34, EV 77.5 MPH)
|
|
Batting: LHB Tyler Houston
|
0-0: Ball 1-0: Fly out, F4 (Popup, 4S, EV 80.0 MPH)
|
| Top of the 7th over - 0 runs, 0 hits, 0 errors, 0 left on base; Idaho Falls 4 - Portland 4 |
| BOTTOM OF THE 7TH |
|
Portland Stag batting - Pitching for Idaho Falls Chukars : RHP Jim Pittsley
|
|
Batting: RHB Fernando Tatis
|
0-0: Called Strike 0-1: Ball 1-1: Ball 2-1: SINGLE (Groundball, 56D, EV 96.9 MPH)
|
|
Batting: RHB Wes Chamberlain
|
0-0: Ball 1-0: Grounds into double play, 4-6-3 (Groundball, 4S, EV 84.4 MPH)
|
|
Batting: RHB Jeff Kunkel
|
0-0: Ball 1-0: Called Strike 1-1: Ball 2-1: Foul Ball, location: 2F 2-2: SINGLE (Line Drive, 7S, EV 109.4 MPH)
|
|
Batting: LHB Mark P Johnson
|
0-0: Called Strike Jeff Kunkel is caught stealing 2nd base 2-6
|
| Bottom of the 7th over - 0 runs, 2 hits, 0 errors, 0 left on base; Idaho Falls 4 - Portland 4 |
| TOP OF THE 8TH |
|
Idaho Falls Chukars batting - Pitching for Portland Stag : LHP Billy Brewer
|
|
Batting: LHB Rico Brogna
|
0-0: Called Strike 0-1: Ball 1-1: SINGLE (Line Drive, 7S, EV 110.0 MPH)
|
|
Batting: RHB Mark Lewis
|
0-0: DOUBLE (Line Drive, 89D, EV 107.5 MPH) Rico Brogna to third
|
|
Batting: SHB Marcus Jensen
|
0-0: Ball 1-0: Ball 2-0: Called Strike 2-1: Swinging Strike 2-2: Foul Ball, location: 2F 2-2: Ball 3-2: Base on Balls
|
|
Pitching: RHP Will Cunnane
|
|
|
Batting: LHB Darren Daulton
|
0-0: SINGLE (Groundball, 6, EV 101.9 MPH) (infield hit) Rico Brogna scores Mark Lewis to third Marcus Jensen to second
|
|
Batting: RHB Les Norman
|
0-0: Called Strike 0-1: Foul Ball, location: 2F 0-2: Foul Ball, location: 2F 0-2: Foul Ball, location: 2F 0-2: Ball 1-2: Ball 2-2: Foul Ball, location: 2F 2-2: SINGLE (Line Drive, 6MD, EV 98.8 MPH) Mark Lewis scores Marcus Jensen to third Darren Daulton to second Runner from 3rd tries for Home, SAFE, throw by CF to home
|
|
Batting: RHB Takahiro Suzuki
|
0-0: Sac Bunt to 25 - play at first, batter safe! Darren Daulton to third Les Norman to second
|
|
Batting: LHB Wayne Kirby
|
0-0: Ball 1-0: Called Strike 1-1: TRIPLE (Line Drive, 89XD, EV 105.0 MPH) Darren Daulton scores Les Norman scores Takahiro Suzuki scores
|
|
Batting: LHB Dwight Smith
|
0-0: Swinging Strike 0-1: Ball 1-1: Ball 2-1: Swinging Strike 2-2: Strikes out looking
|
|
Batting: LHB Tyler Houston
|
0-0: Called Strike 0-1: Ball 1-1: Ball 2-1: Swinging Strike 2-2: Ball 3-2: Base on Balls
|
|
Batting: LHB Rico Brogna
|
0-0: Fly out, F9 (Flyball, 89S, EV 90.0 MPH)
|
|
Batting: RHB Mark Lewis
|
0-0: Called Strike 0-1: Fly out, F3 (Popup, 3SF, EV 74.4 MPH)
|
| Top of the 8th over - 6 runs, 6 hits, 0 errors, 2 left on base; Idaho Falls 10 - Portland 4 |
| BOTTOM OF THE 8TH |
|
Portland Stag batting - Pitching for Idaho Falls Chukars : RHP Jim Pittsley
|
|
Pitching: RHP Steve Montgomery
|
|
|
Batting: LHB Mark P Johnson
|
0-0: Ball 1-0: Foul Ball, location: 2F 1-1: Called Strike 1-2: Ball 2-2: Foul Ball, location: 2F 2-2: Ground out 4-3 (Groundball, 4, EV 81.3 MPH)
|
|
Batting: RHB Mike Macfarlane
|
0-0: Ball 1-0: Foul Ball, location: 2F 1-1: Ball 2-1: Ball 3-1: Base on Balls
|
|
Batting: RHB Mike Mordecai
|
0-0: Ball 1-0: Called Strike 1-1: Ball 2-1: Foul Ball, location: 2F 2-2: Strikes out swinging
|
|
Batting: RHB Chris Widger
|
0-0: Ball 1-0: Foul Ball, location: 2F 1-1: Called Strike 1-2: Strikes out swinging
|
| Bottom of the 8th over - 0 runs, 0 hits, 0 errors, 1 left on base; Idaho Falls 10 - Portland 4 |
| TOP OF THE 9TH |
|
Idaho Falls Chukars batting - Pitching for Portland Stag : RHP Will Cunnane
|
|
Batting: SHB Marcus Jensen
|
0-0: Called Strike 0-1: Ball 1-1: Ball 2-1: Foul Ball, location: 2F 2-2: Ground out 6-3 (Groundball, 6, EV 85.0 MPH)
|
|
Batting: LHB Darren Daulton
|
0-0: Called Strike 0-1: Called Strike 0-2: Ball 1-2: Foul Ball, location: 2F 1-2: Ball 2-2: Ball 3-2: Base on Balls
|
|
Pitching: RHP Ron Blazier
|
|
|
Batting: RHB Les Norman
|
0-0: Ball 1-0: Foul Ball, location: 2F 1-1: Foul Ball, location: 2F 1-2: Strikes out swinging
|
|
Batting: RHB Takahiro Suzuki
|
0-0: Ball 1-0: Called Strike 1-1: Ball 2-1: Ball 3-1: Ground out 4-3 (Groundball, 34, EV 83.8 MPH)
|
| Top of the 9th over - 0 runs, 0 hits, 0 errors, 1 left on base; Idaho Falls 10 - Portland 4 |
| BOTTOM OF THE 9TH |
|
Portland Stag batting - Pitching for Idaho Falls Chukars : RHP Steve Montgomery
|
|
Batting: RHB Alex S Gonzalez
|
0-0: Ball 1-0: Ball 2-0: Called Strike 2-1: SINGLE (Groundball, 4MD, EV 99.4 MPH)
|
|
Batting: LHB Yoshinobu Takahashi
|
0-0: Foul Ball, location: 2F 0-1: Ball Wild Pitch! Alex S Gonzalez to second 1-1: Foul Ball, location: 2F 1-2: Ball 2-2: Ground out 1-3 (Groundball, 13S, EV 72.5 MPH) Alex S Gonzalez to third
|
|
Batting: RHB Fernando Tatis
|
0-0: Called Strike 0-1: Foul Ball, location: 2F 0-2: Ball 1-2: Ground out 1-3 (Groundball, 34S, EV 85.0 MPH)
|
|
Batting: RHB Wes Chamberlain
|
0-0: Ball 1-0: Fly out, F9 (Flyball, 9LSF, EV 83.1 MPH)
|
| Bottom of the 9th over - 0 runs, 1 hit, 0 errors, 1 left on base; Idaho Falls 10 - Portland 4 |
|